 Dungeon Crawl Stone Soup version 0.25-a0-665-ga69d64035b (webtiles) character file.

Game seed: 6239189966707411488, levelgen mode: deterministic

233 DasRunzen the Slasher (level 5, 0/66 HPs)
             Began as a Demigod Gladiator on Mar 25, 2020.
             Succumbed to an orc wizard's poison
             ... on level 4 of the Dungeon on Mar 26, 2020.
             The game lasted 00:07:58 (2482 turns).

DasRunzen the Slasher (Demigod Gladiator)           Turns: 2482, Time: 00:07:59

Health: 0/66       AC: 22    Str: 17    XL:     5   Next: 45%
Magic:  10/10      EV:  2    Int: 14    God:
Gold:   155        SH:  0    Dex: 17    Spells: 7/7 levels left

rFire    . . .     SeeInvis .   a - +0 long sword
rCold    . . .     Gourm    .   (no shield)
rNeg     + + +     Faith    .   (armour currently unavailable)
rPois    +         Spirit   .   (helmet currently unavailable)
rElec    .         Reflect  .   (cloak currently unavailable)
rCorr    .         Harm     .   (gloves currently unavailable)
MR       .....     NoTele   +   (boots currently unavailable)
Stlth    ++........             (no amulet)
HPRegen  0.21/turn              e - +3 ring of evasion
MPRegen  0.12/turn              p - ring of teleportation (curse)

@: lethally poisoned (0 -> -16), tree-form
A: high mp 1
a: no special abilities


You were on level 4 of the Dungeon.
You were hungry.
You were a tree.
You visited 1 branch of the dungeon, and saw 4 of its levels.

You collected 155 gold pieces.

Inventory:

Hand Weapons
 a - a +0 long sword (weapon)
Missiles
 d - 5 throwing nets (quivered)
Armour
 b - a +0 leather armour (melded)
 c - a +1 helmet (melded)
 m - a +0 cloak (melded)
 q - a +2 pair of gloves (melded)
Jewellery
 e - a +3 ring of evasion (left branch)
 g - the ring "Ponwaasu" {rC+ rN+ Str+3, unknown}
   (You found it on level 4 of the Dungeon)

   [ring of strength]

   It affects your strength (+3).
   It protects you from cold.
   It protects you from negative energy.
 p - a cursed ring of teleportation (right branch)
Scrolls
 l - a scroll of immolation
 n - 2 scrolls of identify
 o - a scroll of teleportation
 r - a scroll of magic mapping
Potions
 h - a potion of brilliance
 k - 2 potions of magic
Comestibles
 f - 11 rations
 s - a chunk of flesh


   Skills:
 + Level 2.9 Fighting
 + Level 3.5 Long Blades
 - Level 1.7 Throwing
 + Level 2.1 Armour
 + Level 3.5 Dodging
 + Level 1.7 Spellcasting


You had 7 spell levels left.
You didn't know any spells.
Your spell library was empty.

Dungeon Overview and Level Annotations

Branches:
Dungeon (4/15)
 Temple: D:4-7


Innate Abilities, Weirdness & Mutations

You have an increased reservoir of magic. (+10% MP)


Message History

* * * LOW HITPOINT WARNING * * *
You feel sick. Something hits you but does no damage.
You are lethally poisoned!
The orc hits you but does no damage. Something hits you.
* * * LOW HITPOINT WARNING * * *
You slash the orc!
You kill the orc!
* * * LOW HITPOINT WARNING * * *
You feel sick. Something hits you but does no damage.
Something completely misses you.
Unknown command.
You cannot move.
Unknown command.
You barely miss something.
* * * LOW HITPOINT WARNING * * *
You feel sick. Something hits you but does no damage.
You are more poisoned.
Unknown command.
You miss something.
You die...

...... )!..... ......#
.......
.......#########....... #
.........#?....#.....>. #.
.........#.........#
#.#.........#........?###
...#######..$....!.......
#.#######)#.......(#####
####.......#♣#........#
............{)........#
####..................#
#.)................#
#...........########
#..........## #
############'###+####### ..
.[##.............).....##...
...#.###########.##.........


There were no monsters in sight!

Vanquished Creatures
  Crazy Yiuf (D:2)
  Terence (D:2)
  2 worker ants (D:4)
  4 adders
  An adder skeleton (D:4)
  A worm (D:3)
  2 dart slugs
  2 leopard geckos (D:1)
  5 orcs
  2 ball pythons
  10 bats
  5 giant cockroaches
  10 goblins
  6 hobgoblins
  7 jackals
  2 quokkas (D:3)
  4 frilled lizards
  5 kobolds
  9 rats
79 creatures vanquished.

Notes
Turn   | Place    | Note
-------+----------+-------------------------------------------
     0 | D:1      | DasRunzen the Demigod Gladiator began the quest for the
                  | Orb.
     0 | D:1      | Reached XP level 1. HP: 17/17 MP: 3/3
   168 | D:1      | Reached XP level 2. HP: 23/24 MP: 4/4
   567 | D:1      | Reached XP level 3. HP: 28/29 MP: 6/6
   687 | D:2      | Reached skill level 1 in Armour
   905 | D:2      | Noticed Terence
   916 | D:2      | Killed Terence
   916 | D:2      | Reached skill level 1 in Spellcasting
   986 | D:2      | Reached XP level 4. HP: 37/37 MP: 8/8
  1027 | D:2      | Upgraded the game from 0.25-a0-663-gace7076f2c to
                  | 0.25-a0-665-ga69d64035b
  1189 | D:2      | Found a runed translucent door.
  1190 | D:2      | Noticed Crazy Yiuf
  1318 | D:2      | Killed Crazy Yiuf
  1467 | D:3      | Found a faded altar of an unknown god.
  2320 | D:4      | Reached XP level 5. HP: 29/42 MP: 9/9
  2431 | D:4      | Got a scintillating iron ring
  2480 | D:4      | HP: 3/66 [poisoned by an orc wizard]
  2482 | D:4      | Succumbed to an orc wizard's poison

Levels and vault maps discovered:
D:1:      dpeg_arrival_water_temple_mockup, layout_loops_ring,
          minmay_small_reverse_x
D:2:      layout_basic, uniq_terence, uniq_crazy_yiuf_cottage
D:3:      layout_basic, chequers_ecumenical_altar_island
D:4:      minmay_bubble_buster, layout_basic, first_ration,
          kennysheep_generic_room_11

Skill      XL: |  1  2  3  4  5 |
---------------+----------------+-----
Fighting       | 2 |  2.9
Long Blades    | 3 |  3.5
Armour         | 1 2 |  2.1
Dodging        | 3 |  3.5
Spellcasting   | 1 |  1.7
Throwing       | |  1.7

Action                   |  1- 3 |  4- 6 || total
-------------------------+-------+-------++-------
Melee: Long sword        |   122 |   119 ||   241
  Use: Scroll            |     3 |     9 ||    12
       Potion            |       |     3 ||     3
 Stab: Sleeping          |     1 |     1 ||     2
  Eat: Chunk             |     1 |     4 ||     5
Armor: Leather armour    |    44 |    30 ||    74
       Skin              |       |    55 ||    55
Dodge: Dodged            |   118 |   103 ||   221
       Rpst.: Long sword |    37 |    29 ||    66

Table legend:
 A = Non-vault XP
 B = Vault XP
 C = Vault XP percentage of total XP
 D = Non-vault monster count
 E = Vault monster count
 F = Vault count percentage of total count
                 A         B        C        D         E       F
            +---------+---------+-------+---------+---------+-------
      Total |     251 |      82 |  24.6 |      73 |       6 |   7.6
            +---------+---------+-------+---------+---------+-------
        D:1 |      42 |       6 |  12.5 |      22 |       4 |  15.4
        D:2 |      39 |      76 |  66.1 |      25 |       2 |   7.4
        D:3 |      56 |       0 |   0.0 |      17 |       0 |   0.0
        D:4 |     114 |       0 |   0.0 |       9 |       0 |   0.0
            +---------+---------+-------+---------+---------+-------
